 Dungeon Crawl Stone Soup version 0.22.0-35-ge4bf2f5f59 (webtiles) character file.

482 Morbidden the Ruffian (level 6, 0/47 HPs)
             Began as a Draconian Transmuter on Aug 23, 2018.
             Was an Initiate of Cheibriados.
             Slain by a centaur (2 damage)
             ... on level 5 of the Dungeon.
             The game lasted 00:12:30 (4553 turns).

Morbidden the Ruffian (Draconian Transmuter)        Turns: 4553, Time: 00:12:30

Health: 0/47       AC:  8    Str: 16    XL:     6   Next: 87%
Magic:  1/9        EV: 12    Int: 14    God:    Cheibriados [......]
Gold:   310        SH:  0    Dex: 12    Spells: 6/9 levels left

rFire    . . .     SeeInvis .     - Unarmed
rCold    . . .     Gourm    .   (no shield)
rNeg     . . .     Faith    .   (armour unavailable)
rPois    .         Spirit   .   (helmet restricted)
rElec    .         Reflect  .   (no cloak)
rCorr    .         Harm     .   q - +1 pair of gloves
MR       .....                  (no boots)
Stlth    +.........             (no amulet)
HPRegen  0.15/turn              (no ring)
MPRegen  0.11/turn              (no ring)

@: very slow
A: unfitting armour, cold-blooded, AC +6
a: Bend Time, Renounce Religion


You were on level 5 of the Dungeon.
You worshipped Cheibriados.
Cheibriados was noncommittal.
You were not hungry.

You visited 2 branches of the dungeon, and saw 6 of its levels.

You collected 310 gold pieces.

Inventory:

Hand Weapons
 d - a +0 club
 e - a +0 club
Missiles
 a - 75 arrows
 k - 5 exploding tomahawks (quivered)
Armour
 q - a +1 pair of gloves (worn)
Wands
 l - a wand of random effects (16)
Scrolls
 b - a scroll of fog {unknown}
 h - 2 scrolls of amnesia {unknown}
 i - 5 scrolls of identify {unknown}
 j - a scroll of teleportation {unknown}
 m - a scroll of immolation {unknown}
 n - a scroll of noise {unknown}
 o - 4 scrolls of remove curse {unknown}
 r - a scroll of magic mapping {unknown}
Potions
 f - a potion of brilliance {unknown}
 g - a potion of heal wounds {unknown}
 p - 3 potions of flight
Comestibles
 c - 11 rations


   Skills:
 - Level 1.3 Fighting
 - Level 2.0 Dodging
 + Level 6.8 Unarmed Combat
 - Level 2.0 Spellcasting
 * Level 4.0 Transmutations


You had 6 spell levels left.
You knew the following spells:

 Your Spells              Type           Power        Failure   Level  Hunger
a - Beastly Appendage     Tmut           ##....       4%          1    ##.....
b - Sticks to Snakes      Tmut           ##......     7%          2    ###....

Your spell library contained the following spells:

 Spells                   Type           Power        Failure   Level  Hunger
 Spider Form              Tmut/Pois      #.........   30%         3    ####...
 Ice Form                 Ice/Tmut       #.......     71%         4    #####..
 Blade Hands              Tmut           ##........   77%         5    ######.


Dungeon Overview and Level Annotations

Branches:
Dungeon (5/15)             Temple (1/1) D:5

Altars:
Ashenzari
Cheibriados
Dithmenos
Elyvilon
Fedhas
Gozag
Hepliaklqana
Kikubaaqudgha
Makhleb
Nemelex Xobeh
Okawaru
Qazlal
Ru
Sif Muna
Trog
Uskayaw
Vehumet
Wu Jian
Xom
Yredelemnul
Zin
The Shining One

Annotations:
D:5 Sigmund


Innate Abilities, Weirdness & Mutations

Your plain brown scales are hard. (AC +6)
You cannot fit into any form of body armour.
You are cold-blooded and may be slowed by cold attacks.


Message History

Your ball python bites the centaur but does no damage. x2
The centaur wields a shortbow.
The centaur shoots an arrow.
The arrow barely misses your ball python.
The arrow hits you!
* * * LOW HITPOINT WARNING * * *
Your ball python closely misses the centaur.
Your ball python bites the centaur.
The centaur shoots an arrow.
The arrow misses your ball python. The arrow hits you but does no damage.
Your ball python bites the centaur.
Your ball python barely misses the centaur.
Unknown command.
You are too injured to fight recklessly!
Unknown command.
You swap places.
The centaur unwields an uncursed shortbow.
The centaur hits you.
* * * LOW HITPOINT WARNING * * *
Your ball python barely misses the centaur.
The centaur hits you.
You die...

###########
#..)...S@S#
##########รท######c#
.......# #.# #(#
######.###.# #.# .#
#.....# #(# .#
############(# .#
........(####### .#
######..((.....#
.#### #.........#


You could see a centaur and 2 friendly ball pythons.

Vanquished Creatures
  A scorpion (D:4)
  2 crimson imps
  A hound (D:5)
  2 orc wizards
  A worker ant (D:4)
  Terence (D:3)
  Robin (D:2)
  2 gnolls (D:5)
  A howler monkey skeleton (D:5)
  2 adders
  2 worms
  A dart slug (D:3)
  A leopard gecko (D:5)
  6 orcs
  2 bats
  A giant cockroach (D:1)
  4 hobgoblins
  2 jackals (D:2)
  7 kobolds
  3 quokkas
  3 frilled lizards
  18 goblins
  3 rats
67 creatures vanquished.

Vanquished Creatures (collateral kills)
  An ice beast (D:5)
  2 gnolls (D:5)
  A leopard gecko (D:5)
  An orc (D:4)
  A bat (D:3)
6 creatures vanquished.

Vanquished Creatures (others)
  An orc wizard (D:3)
1 creature vanquished.

Grand Total: 74 creatures vanquished

Notes
Turn   | Place    | Note
-------+----------+-------------------------------------------
     0 | D:1      | Morbidden the Draconian Transmuter began the quest for the Orb.
     0 | D:1      | Reached XP level 1. HP: 16/16 MP: 3/3
   546 | D:1      | Reached XP level 2. HP: 13/23 MP: 5/5
  1188 | D:2      | Reached skill level 4 in Unarmed Combat
  1278 | D:2      | Noticed Robin
  1292 | D:2      | Reached XP level 3. HP: 18/28 MP: 6/6
  1334 | D:2      | Killed Robin
  1837 | D:3      | Reached XP level 4. HP: 26/35 MP: 5/7
  1842 | D:3      | Noticed Terence
  2208 | D:3      | Killed Terence
  2265 | D:3      | Reached skill level 5 in Unarmed Combat
  2274 | D:3      | Reached XP level 5. HP: 21/40 MP: 8/8
  2436 | D:3      | HP: 2/40 [something/puff of flame (9)]
  2477 | D:3      | Learned a level 2 spell: Sticks to Snakes
  2915 | D:4      | Reached skill level 6 in Unarmed Combat
  2927 | D:4      | Reached XP level 6. HP: 19/47 MP: 5/9
  3366 | D:5      | Entered Level 5 of the Dungeon
  3608 | D:5      | Found a staircase to the Ecumenical Temple.
  3640 | Temple   | Entered the Ecumenical Temple
  3905 | Temple   | Became a worshipper of Cheibriados the Contemplative
  3964 | D:5      | Noticed Sigmund
  3985 | D:5      | Found a stormy altar of Qazlal.
  3994 | D:5      | Noticed an ice beast
  4007 | D:5      | Killed an ice beast
  4553 | D:5      | HP: 2/47 [centaur (6)]
  4553 | D:5      | Slain by a centaur

Skill      XL: |  1  2  3  4  5  6 |
---------------+-------------------+-----
Unarmed Combat | 4 5 6 |  6.8
Dodging        | 2 |  2.0
Transmutations | 3 4 |  4.0
Fighting       | |  1.3
Spellcasting   | |  2.0

Action                   |  1- 3 |  4- 6 || total
-------------------------+-------+-------++-------
Melee: Unarmed           |   152 |   159 ||   311
       Punch             |     6 |     3 ||     9
       Tailslap          |     6 |    19 ||    25
       Headbutt          |     2 |     3 ||     5
       Kick              |     4 |       ||     4
 Cast: Beastly Appendage |     7 |     5 ||    12
       Sticks to Snakes  |       |    17 ||    17
  Use: Potion            |     5 |     1 ||     6
 Stab: Sleeping          |       |     1 ||     1
  Eat: Chunk             |     3 |     5 ||     8
       Ration            |       |     2 ||     2
Armor: Skin              |    40 |    49 ||    89
Dodge: Dodged            |   114 |   145 ||   259
